 Dungeon Crawl Stone Soup version 0.30-a0-965-g42e074c17a (console) character file.

Game seed: 11749639161079532107

17 petzl the Sneak (level 2, -4/24 HPs)
             Began as a Formicid Delver on Mar 30, 2023.
             Killed by nerve-wracking pain
             ... invoked by a shadow imp
              (11 damage)
             ... on level 6 of the Dungeon.
             The game lasted 00:04:42 (699 turns).

petzl the Sneak (Formicid Delver)                    Turns: 699, Time: 00:04:44

Health: -4/24      AC:  3    Str: 16    XL:     2   Next: 80%
Magic:  5/5        EV: 12    Int:  9    God:
Gold:   44         SH:  0    Dex: 15    Spells: 5/5 levels left

rFire   . . .      SeeInvis +    b - +0 mace
rCold   . . .      Faith    .    (no shield)
rNeg    . . .      Spirit   .    h - +0 leather armour
rPois   .          Reflect  .    (helmet unavailable)
rElec   .          Rampage  .    (no cloak)
rCorr   .                        (no gloves)
Will    .....                    (no boots)
Stlth   +++                      (no amulet)
HPRegen 0.24/turn                (no ring)
MPRegen 0.09/turn                (no ring)

@: no status effects
A: permanent stasis, dig shafts and tunnels, antennae 3, four strong arms
a: Dig, Shaft Self


You were on level 6 of the Dungeon.
You visited 1 branch of the dungeon, and saw 4 of its levels.

You collected 44 gold pieces.

Inventory:

Hand Weapons
 a - a +0 sling
 b - a +0 mace (weapon)
 j - a +0 long sword
Armour
 h - a +0 leather armour (worn)
Wands
 f - a wand of digging (3)
Scrolls
 c - a scroll of fog
 d - a scroll of magic mapping
 e - a scroll of poison {unknown}
 g - a scroll of identify {unknown}
 i - a scroll of blinking {unknown}
 k - a scroll of enchant armour {unknown}
Potions
 l - a potion of curing {unknown}


   Skills:
 + Level 3.2 Fighting
 - Level 2.0 Maces & Flails
 * Level 0.0 Ranged Weapons
 - Level 1.7 Dodging
 * Level 6.0 Stealth
 + Level 2.2 Spellcasting
 + Level 0.0 Evocations


You had 5 spell levels left.
You didn't know any spells.
Your spell library was empty.

Dungeon Overview and Level Annotations

Branches:
Dungeon (8/15)
 Temple: D:4-7         Lair: D:8-11

Altars:
Elyvilon

Annotations:
D:8 exclusions: gnoll, 2 sensed monsters (detected) and upstairs


Innate Abilities, Weirdness & Mutations

You cannot be hasted, slowed, berserked, paralysed or teleported.
You can dig through walls and to a lower floor.
You have a pair of large antennae on your head. (SInv)
Your four strong arms can wield two-handed weapons with a shield.


Message History

The shadow imp hits you but does no damage.
You closely miss the shadow imp. The shadow imp closely misses you.
You barely miss the shadow imp. The shadow imp barely misses you.
You hit the shadow imp.
The shadow imp is lightly wounded.
The shadow imp hits you but does no damage. x2
You hit the shadow imp but do no damage.
The shadow imp is lightly wounded.
The shadow imp barely misses you.
You closely miss the shadow imp.
The shadow imp is lightly wounded.
The shadow imp hits you.
You barely miss the shadow imp.
The shadow imp is lightly wounded.
The shadow imp gestures at you.
You barely resist.
The shadow imp hits you but does no damage.
The shadow imp hits you.
You climb upwards.
There is a stone staircase leading down here.
The shadow imp misses you.
You climb downwards.
There is a stone staircase leading up, spattered with blood here.
You hit the shadow imp.
The shadow imp is moderately wounded.
The shadow imp shouts, "Run away, thou simpering ill-breeding socdollager!"
The shadow imp gestures at you. Pain shoots through your body!
You thump the shadow imp!
The shadow imp is almost dead.
The shadow imp gestures at you. Pain shoots through your body!
You closely miss the shadow imp.
The shadow imp is almost dead.
The shadow imp hits you.
* * * LOW HITPOINT WARNING * * *
The shadow imp shouts, "Embrace thy failure, thou mangled dread-bolted crab-lanthorn!"
The shadow imp gestures at you. Pain shoots through your body!
You die...

#.........# #..#
.......... #....
........# #.....
#......## ##.....
#......#### ##....# ..
#.........####....# ...
##...............#
....#..5@...........# #.
.........######.....# #..
.........## ###...###...
..........## #....#....
...........### ##........
##...........###
#.....###
#.............###.....#
#.#...#.........#.....# #
###...###............###.
#... ###.............>
..... ###............ ...
##...........
#..........>.
#...[........#
..............#
................
##......).......
##.............
#........#####


You could see a shadow imp.

Vanquished Creatures
  An adder (D:5)
  An ufetubus (D:6)
  A dart slug (D:5)
3 creatures vanquished.

Vanquished Creatures (others)
  2 demonic plants (D:6)
2 creatures vanquished.

Grand Total: 5 creatures vanquished

Notes
Turn   | Place    | Note
-------+----------+-------------------------------------------
     0 | D:5      | petzl the Formicid Delver began the quest for the Orb.
     0 | D:5      | Reached XP level 1. HP: 18/18 MP: 1/1
    38 | D:5      | Reached skill level 1 in Spellcasting
    38 | D:5      | Reached XP level 2. HP: 18/24 MP: 1/4
   200 | D:7      | Noticed a wyvern
   254 | D:5      | Found a white marble altar of Elyvilon.
   273 | D:5      | You fall into a shaft and drop 2 floors!
   397 | D:7      | Noticed an ice beast
   640 | D:7      | Noticed a water moccasin
   699 | D:6      | Killed from afar by a shadow imp

Illustrated notes

Levels and vault maps discovered:
D:5:      layout_basic, old_standard_altar, ebering_ghost_inner_flame,
          serial_shops, nicolae_shop_behind_doors
D:6:      layout_layer_cave, grunt_temple_overflow_champion_of_chaos,
          minmay_temple_entry_drinking_statues, serial_demonic,
          serial_demonic_f, serial_demonic_a, serial_demonic_b,
          serial_demonic_g, serial_demonic_g, serial_demonic_g,
          serial_demonic_e, serial_demonic_a, serial_demonic_a, serial_demonic_a
D:7:      layout_gridville, serial_shops, nicolae_shop_hallway_stairs,
          minmay_misc_feat_four_crosses
D:8:      layout_loops_corners, gammafunk_temple_overflow_arena,
          uniq_prince_ribbit1

Skill      XL: |  1  2 |
---------------+-------+-----
Spellcasting   | 1 2 |  2.2
Fighting       | |  3.2
Maces & Flails | |  2.0
Dodging        | |  1.7
Stealth        | |  6.0

Action                     || total
---------------------------++-------
  Melee: Mace              ||    27
   Fire: Sling             ||     3
Ability: Shaft Self        ||     1
    Use: Scroll            ||     1
 Armour: Leather armour    ||    10
  Dodge: Dodged            ||    27

Table legend: (Time is in decaauts)
 A = Elapsed time spent in this place.
 B = Non-inter-level travel time spent in this place.
 C = Inter-level travel time spent in this place.
 D = Time resting spent in this place.
 E = Time spent auto-exploring this place.
 F = Levels seen in this place.
 G = Mean time per level.
                   A        B        C        D        E       F      G
               +--------+--------+--------+--------+--------+-----+--------+
         Total |    709 |    675 |     34 |    116 |     31 |   4 |  177.2 |
       Dungeon |    709 |    675 |     34 |    116 |     31 |   4 |  177.2 |
               +--------+--------+--------+--------+--------+-----+--------+

Top non-repeatable levels by time:
     D:8: 255 daAuts
     D:7: 183 daAuts
     D:5: 154 daAuts
     D:6: 115 daAuts
